 Dungeon Crawl Stone Soup version 0.27-a0-1006-g1fd4cec11e (console) character file.

Game seed: 7711052291198920310

685 svalbard the Sneak (level 7, -10/42 (50) HPs)
             Began as an Octopode Delver on Apr 17, 2021.
             Was an Initiate of Ashenzari.
             Mangled by a wight
             ... wielding a +3 long sword
              (17 damage)
             ... on level 7 of the Dungeon.
             The game lasted 00:02:22 (2187 turns).

svalbard the Sneak (Octopode Delver)                Turns: 2187, Time: 00:02:23

HP:   -10/42 (50)   AC:  1    Str: 11    XL:     7   Next: 62%
MP:   7/7           EV: 15    Int: 12    God:    Ashenzari [......]
Gold: 127           SH:  0    Dex: 16    Spells: 6/6 levels left

rFire    . . .     SeeInvis .   a - +0 short sword
rCold    . . .     Faith    .   (no shield)
rNeg     . . .     Spirit   .   (helmet restricted)
rPois    .         Reflect  .   e - amulet of magic regeneration
rElec    .         Harm     .   (no ring)
rCorr    .         Rampage  .   (no ring)
Will     .....                  (no ring)
Stlth    +++++.....             (no ring)
HPRegen  0.14/turn              (no ring)
MPRegen  0.35/turn              (no ring)
                                (no ring)
                                (no ring)

@: heavily drained
A: almost no armour, amphibious, 8 rings, camouflage 1, gelatinous body 1,
(nimble swimmer 1), tentacles
a: Renounce Religion


You were on level 7 of the Dungeon.
You worshipped Ashenzari.
Ashenzari was noncommittal.
You visited 2 branches of the dungeon, and saw 6 of its levels.

You collected 127 gold pieces.

Inventory:

Hand Weapons
 a - a +0 short sword (weapon)
Jewellery
 e - an amulet of magic regeneration (around mantle)
Wands
 d - a wand of digging (2)
Scrolls
 b - a scroll of fog
 c - a scroll of magic mapping
 f - a scroll of fear
 k - a scroll of immolation
Potions
 g - a potion of magic
 i - a potion of brilliance
 j - a potion of haste


   Skills:
 * Level 5.1 Fighting
 - Level 2.0 Short Blades
 * Level 4.5 Dodging
 + Level 7.8 Stealth
 - Level 5.0 Evocations


You had 6 spell levels left.
You didn't know any spells.
Your spell library was empty.

Dungeon Overview and Level Annotations

Branches:
Dungeon (8/15)             Temple (1/1) D:7            Lair (0/6) D:8

Altars:
Ashenzari
Dithmenos
Elyvilon
Kikubaaqudgha
Makhleb
Nemelex Xobeh
Okawaru
Qazlal
Ru
Sif Muna
Trog
Wu Jian
Xom
Yredelemnul
The Shining One

Annotations:
D:5 exclusions: ice beast, orc and orc priest


Innate Abilities, Weirdness & Mutations

You cannot wear most types of armour.
You are amphibious.
You can wear up to eight rings at the same time.
Your skin changes colour to match your surroundings (Stealth+).
Your rubbery body absorbs attacks. (AC +1, EV +1)
((You are camouflaged near water. (Stealth+)))
You have tentacles for arms and can constrict up to eight enemies at once.


Message History

The wight resists with significant effort.
The wight hits you with a +3 long sword!
Aiming: Paralyse
Press: ? - help, Q - select action Shift-Dir - straight line, f/p - wight
Aim: a wight, wielding a +3 long sword and wearing a +0 robe (chance to affect: 61%)
The wight resists with significant effort.
The wight misses you.
Aiming: Paralyse
Press: ? - help, Q - select action Shift-Dir - straight line, f/p - wight
Aim: a wight, wielding a +3 long sword and wearing a +0 robe (chance to affect: 61%)
The wight resists with significant effort.
The now-empty wand crumbles to dust.
The wight hits you with a +3 long sword!
* * * LOW HITPOINT WARNING * * *
You feel drained.
* * * LOW HITPOINT WARNING * * *
You feel much better.
The wight hits you with a +3 long sword!
There is a stone staircase leading up here.
The wight hits you with a +3 long sword!
* * * LOW HITPOINT WARNING * * *
You feel drained.
* * * LOW HITPOINT WARNING * * *
You climb upwards.
There is a stone staircase leading down here.
You hit the wight but do no damage. You squeeze the wight.
The wight is heavily damaged.
The wight hits you with a +3 long sword.
* * * LOW HITPOINT WARNING * * *
You feel drained.
* * * LOW HITPOINT WARNING * * *
You hit the wight.
The wight is severely damaged.
The wight completely misses you.
You hit the wight but do no damage. You grab the wight.
You squeeze the wight, but do no damage.
The wight is severely damaged.
You constrict the wight, but do no damage.
The wight hits you with a +3 long sword!
You die...

.###..#
##.....#..##
......#
#......#.##
..⌠...# #.#......#
.....## #.####..##
.###..#####....##
.#....#...#.####
.#....'.._#..#####
......#...##..>..#
......##########.#
......# #.#
......# .. #@#
......# .## #z#
..#...# .. #.#
..#.### #. #.#
....# #.## #.#
.#### #..###.# ##
########..##.##
..............#
........#####.##
........# #...#
...(....# #...#


You could see a wight.

Vanquished Creatures
  An ice beast (D:6)
  2 black bears
  3 phantoms
  A water moccasin skeleton (D:7)
  A wight (D:8)
  2 hounds
  An orc wizard (D:7)
  An adder (D:6)
12 creatures vanquished.

Vanquished Creatures (others)
  18 plants (D:8)
18 creatures vanquished.

Grand Total: 30 creatures vanquished

Notes
Turn   | Place    | Note
-------+----------+-------------------------------------------
     0 | D:5      | svalbard the Octopode Delver began the quest for the Orb.
     0 | D:5      | Reached XP level 1. HP: 16/16 MP: 1/1
    95 | D:5      | Found a sparkling altar of Nemelex Xobeh.
   261 | D:5      | Noticed an ice beast
   314 | D:5      | Noticed an orc priest
   471 | D:5      | Noticed an orc priest
   494 | D:4      | Found a white marble altar of Elyvilon.
   629 | D:6      | Noticed a phantom
   634 | D:6      | Killed a phantom
   635 | D:6      | Reached XP level 2. HP: 21/21 MP: 2/2
   635 | D:6      | Reached XP level 3. HP: 26/26 MP: 3/3
   635 | D:6      | Reached XP level 4. HP: 31/31 MP: 4/4
   695 | D:6      | Noticed an ice beast
   703 | D:6      | Killed an ice beast
   704 | D:6      | Reached skill level 5 in Evocations
   704 | D:6      | Reached XP level 5. HP: 36/36 MP: 5/5
   854 | D:6      | Identified the +2 leather armour "Noxzoahu" {rPois}
  1175 | D:6      | Noticed a black bear
  1179 | D:6      | Noticed a phantom
  1181 | D:6      | Killed a black bear
  1182 | D:6      | Reached skill level 7 in Stealth
  1182 | D:6      | Reached XP level 6. HP: 43/43 MP: 6/6
  1367 | D:6      | Found an ornate altar of the Wu Jian Council.
  1513 | D:7      | Reached XP level 7. HP: 46/49 MP: 7/7
  1524 | D:7      | Found a staircase to the Ecumenical Temple.
  1535 | Temple   | Entered the Ecumenical Temple
  1777 | Temple   | Became a worshipper of Ashenzari the Shackled
  1816 | D:7      | Found a shadowy altar of Dithmenos.
  2005 | D:7      | Reached skill level 5 in Fighting
  2143 | D:8      | Found a staircase to the Lair.
  2187 | D:7      | Mangled by a wight

Illustrated notes

Levels and vault maps discovered:
D:4:      layout_loops_ring, kennysheep_little_box,
          nicolae_overflow_hidden_temple
D:5:      layout_layer_cave, nemelex_diamond_rough_becter, serial_shops,
          nicolae_shop_window_shopping
D:6:      layout_basic, nzn_wu_jian_council_hall, minmay_stone_trees_small,
          kennysheep_generic_room_11
D:7:      layout_rooms, grunt_dithmenos_shadows,
          amethyst_overflow_temple_binary, minmay_temple_entry_junction_2,
          uniq_menkaure, uniq_pikel
D:8:      layout_cave_pods, david_lair_shrubbed, serial_shops, kennysheep_mini
Temple:   minmay_temple_curvy_loop

Skill      XL: |  1  2  3  4  5  6  7 |
---------------+----------------------+-----
Evocations     | 4 5 |  5.0
Dodging        | 3 4 |  4.5
Stealth        | 7 |  7.8
Fighting       | 4 5 |  5.1
Short Blades   | |  2.0

Action                   |  1- 3 |  4- 6 |  7- 9 || total
-------------------------+-------+-------+-------++-------
Melee: Short sword       |     2 |    18 |    22 ||    42
       Tentacles         |       |     4 |     5 ||     9
       Constrict         |       |     2 |     2 ||     4
Evoke: Wand              |     3 |     4 |     4 ||    11
  Use: Potion            |       |       |     1 ||     1
 Stab: Paralysed         |     2 |     5 |     1 ||     8
       Sleeping          |       |     1 |     1 ||     2
Armor: Skin              |       |       |     2 ||     2
Dodge: Dodged            |       |     6 |    12 ||    18

Table legend: (Time is in decaauts)
 A = Elapsed time spent in this place.
 B = Non-inter-level travel time spent in this place.
 C = Inter-level travel time spent in this place.
 D = Time resting spent in this place.
 E = Time spent auto-exploring this place.
 F = Levels seen in this place.
 G = Mean time per level.
                   A        B        C        D        E       F      G
               +--------+--------+--------+--------+--------+-----+--------+
         Total |   2187 |   2056 |    131 |      0 |   1836 |   6 |  364.5 |
       Dungeon |   1926 |   1822 |    104 |      0 |   1605 |   5 |  385.2 |
        Temple |    260 |    233 |     27 |      0 |    231 |   1 |  260.0 |
               +--------+--------+--------+--------+--------+-----+--------+

Top non-repeatable levels by time:
     D:6: 963 daAuts
     D:5: 512 daAuts
     D:7: 266 daAuts
  Temple: 260 daAuts
     D:8: 161 daAuts
     D:4: 21 daAuts
